 Dungeon Crawl Stone Soup version 0.30.1-4-g462c640d31 (webtiles) character file.

Game seed: 12321664476044526585

362 Hydra2011 the Cutter (level 6, 0/36 HPs)
             Began as a Tengu Brigand on Aug 31, 2023.
             Was an Initiate of Dithmenos.
             Slain by Duvessa
             ... wielding a +0 short sword
              (9 damage)
             ... on level 5 of the Dungeon.
             The game lasted 00:07:15 (2675 turns).

Hydra2011 the Cutter (Tengu Brigand)                Turns: 2675, Time: 00:07:16

Health: 0/36       AC:  3    Str: 12    XL:     6   Next: 66%
Magic:  7/7        EV: 14    Int: 11    God:    Dithmenos [......]
Gold:   148        SH:  0    Dex: 17    Spells: 5/5 levels left

rFire   . . .        v - +1 dagger (venom)
rCold   . . .        (no shield)
rNeg    . . .        b - +0 robe
rPois   .            (helmet restricted)
rElec   .            c - +0 cloak
rCorr   .            (no gloves)
SInv    .            (boots unavailable)
Will    .....        (no amulet)
Stlth   +++          (no ring)
HPRegen 0.26/turn    (no ring)
MPRegen 0.10/turn

%: no passive effects
@: flying quickly and evasively, quick
A: beak, talons 3, nimble flight
a: Renounce Religion


You were on level 5 of the Dungeon.
You worshipped Dithmenos.
Dithmenos was noncommittal.
You visited 1 branch of the dungeon, and saw 5 of its levels.

You collected 148 gold pieces.

Inventory:

Hand Weapons
 a - a +2 dagger
 q - a +0 dagger of draining
 v - a +1 dagger of venom (weapon)
Missiles
 d - 20 poisoned darts (quivered)
 e - 3 curare-tipped darts
Armour
 b - a +0 robe (worn)
 c - a +0 cloak (worn)
Wands
 w - a wand of polymorph (10)
Scrolls
 f - 2 scrolls of magic mapping {unknown}
 h - a scroll of butterflies {unknown}
 j - a scroll of blinking {unknown}
 l - 2 scrolls of teleportation {unknown}
 n - a scroll of vulnerability {unknown}
 p - a scroll of torment {unknown}
 u - 3 scrolls of identify {unknown}
Potions
 g - 2 potions of curing
 i - a potion of degeneration {unknown}
 k - a potion of ambrosia {unknown}
 m - 3 potions of flight {unknown}
 o - a potion of brilliance {unknown}
 r - 2 potions of might {unknown}
 s - a potion of attraction {unknown}
 t - a potion of magic {unknown}
 x - 2 potions of mutation {unknown}
 z - a potion of haste {unknown}
 A - a potion of lignification {unknown}


   Skills:
 + Level 2.9 Fighting
 + Level 7.1 Short Blades
 - Level 2.0 Throwing
 - Level 1.1 Dodging
 - Level 4.0 Stealth


You had 5 spell levels left.
You didn't know any spells.
Your spell library contained the following spells:

 Spells                   Type           Power      Damage    Failure   Level
 Apportation              Tloc           0%         N/A       34%         1
 Necrotise                Necr           0%         1d4       34%         1
 Summon Small Mammal      Summ           0%         N/A       34%         1
 Alistair's Intoxication  Tmut/Pois      0%         N/A       100%        5


Dungeon Overview and Level Annotations

Branches:
Dungeon (5/15)
 Temple: D:4-7

Altars:
Ashenzari
Dithmenos
Qazlal
The Shining One

Shops:
D:2 [

Annotations:
D:5 Dowan, Duvessa


Innate Abilities, Weirdness & Mutations

You have a beak for a mouth.
You have claws for feet.
Your magical nature lets you fly swiftly and evasively.


Message History

There is a stormy altar of Qazlal here.
Duvessa, Sister of Dowan comes into view.
She is wielding a +0 short sword.
Duvessa shouts!
You hear a shout!
Dowan points at Duvessa and mumbles some strange words.
Duvessa seems to speed up.
You hit Duvessa.
Duvessa is poisoned.
Your kick misses Duvessa.
Duvessa is lightly wounded.
You closely miss Duvessa. You peck Duvessa, but do no damage.
Duvessa is lightly wounded.
Duvessa closely misses you.
You hit Duvessa but do no damage.
Duvessa is lightly wounded.
Duvessa completely misses you.
You hit Duvessa but do no damage. You punch Duvessa, but do no damage.
Duvessa is lightly wounded.
Duvessa hits you with a +0 short sword.
You hit Duvessa but do no damage.
Duvessa looks as sick as possible!
You claw Duvessa.
Duvessa is moderately wounded.
Duvessa hits you with a +0 short sword.
You hit Duvessa.
Duvessa looks as sick as possible!
Your kick misses Duvessa. You peck Duvessa, but do no damage.
Duvessa is moderately wounded.
Duvessa hits you with a +0 short sword.
Duvessa says, "When magic and the sword combine, nothing stands against them."
Duvessa hits you with a +0 short sword.
You hit Duvessa but do no damage.
Duvessa looks as sick as possible!
You claw Duvessa, but do no damage. You peck Duvessa.
Duvessa is heavily wounded.
You barely miss Duvessa.
Duvessa is heavily wounded.
Duvessa hits you but does no damage. Dowan hits you with a +0 dagger.
Duvessa hits you with a +0 short sword.
It was a potion of curing.
You feel better. Duvessa hits you with a +0 short sword.
Dowan hits you with a +0 dagger. Duvessa hits you with a +0 short sword!
* * * LOW HITPOINT WARNING * * *
Duvessa attacks as you move away! Duvessa closely misses you.
Duvessa hits you with a +0 short sword!
You die...

#...##.#.###.#......#
#...................#
....#...####.####..#
###.###.##.....##..#
#.....#.......#.##
####..#.......#†#
##e...._.....#
#e#.......#.#
#@#.......#.#
##.##.....##.#
#..####.####.#
####..........).#
#.....#.....#.### #
#.....#.###.#.#
#.#........##.#.#
..............#.#
.##.....##.##.#.##


You could see Duvessa (fast, extremely poisoned) and Dowan.

Vanquished Creatures
  An ogre (D:5)
  2 scorpions
  A hound (D:5)
  Robin (D:2)
  5 adders
  A worm (D:2)
  3 dart slugs
  4 bats (D:2)
  5 endoplasms
  2 giant cockroaches (D:2)
  12 goblins
  7 hobgoblins
  2 jackals (D:2)
  2 quokkas
  5 ball pythons
  3 frilled lizards (D:1)
  3 kobolds
  6 rats
65 creatures vanquished.

Notes
Turn   | Place    | Note
-------+----------+-------------------------------------------
     0 | D:1      | Hydra2011 the Tengu Brigand began the quest for the Orb.
     0 | D:1      | Reached XP level 1. HP: 12/12 MP: 2/2
   243 | D:1      | Reached skill level 3 in Short Blades
   243 | D:1      | Reached XP level 2. HP: 17/17 MP: 3/3
   645 | D:2      | Reached XP level 3. HP: 21/21 MP: 4/4
   645 | D:2      | Found Pametut's Antique Armour Boutique.
   768 | D:2      | Noticed Robin
   804 | D:2      | Killed Robin
   805 | D:2      | Reached skill level 4 in Short Blades
  1120 | D:2      | Reached XP level 4. HP: 16/26 MP: 5/5
  1306 | D:2      | Reached skill level 5 in Short Blades
  1807 | D:3      | Found a faded altar of an unknown god.
  1892 | D:3      | Found a shadowy altar of Dithmenos.
  1965 | D:3      | Became a worshipper of Dithmenos the Shadowed
  2027 | D:3      | Noticed a scorpion
  2029 | D:3      | Killed a scorpion
  2030 | D:3      | Reached skill level 6 in Short Blades
  2030 | D:3      | Gained mutation: Your magical nature lets you fly swiftly
                  | and evasively. [Tengu growth]
  2030 | D:3      | Reached XP level 5. HP: 30/30 MP: 6/6
  2182 | D:3      | Found a broken altar of Ashenzari.
  2390 | D:3      | You are sucked into a shaft and drop 2 floors!
  2390 | D:5      | Entered Level 5 of the Dungeon
  2390 | D:5      | Found a glowing golden altar of the Shining One.
  2436 | D:4      | Reached XP level 6. HP: 35/35 MP: 7/7
  2528 | D:5      | Reached skill level 7 in Short Blades
  2641 | D:5      | Found a stormy altar of Qazlal.
  2646 | D:5      | Noticed Dowan
  2650 | D:5      | Noticed Duvessa
  2675 | D:5      | Slain by Duvessa

Illustrated notes

Levels and vault maps discovered:
D:1:      nagdon_arrival_double_spiral, layout_rooms, minmay_quantized
D:2:      minmay_general_purpose_star, layout_basic, serial_shops, shop,
          uniq_robin
D:3:      layout_loops_ring, mainiacjoe_overflow_six_doors_small,
          mainiacjoe_overflow_tiny_flanked,
          hellmonk_ecumenical_altar_arch_garden, hangedman_decor_growths
D:4:      minmay_octagon_keep, layout_loops_ring, gammafunk_ghost_arena
D:5:      layout_basic, old_standard_altar, grunt_gozag_breadcrumbs,
          old_standard_altar, uniq_duvessa

Skill      XL: |  1  2  3  4  5  6 |
---------------+-------------------+-----
Short Blades   | 3 4 6 7 |  7.1
Fighting       | |  2.9
Throwing       | |  2.0
Dodging        | |  1.1
Stealth        | |  4.0

Action                     |  1- 3 |  4- 6 || total
---------------------------+-------+-------++-------
  Melee: Dagger            |    84 |    64 ||   148
         Peck              |     6 |    11 ||    17
         Kick              |    16 |    17 ||    33
         Punch             |       |     1 ||     1
    Use: Potion            |       |     1 ||     1
   Stab: Sleeping          |     9 |     3 ||    12
 Armour: Robe              |    18 |     7 ||    25
  Dodge: Dodged            |    36 |    23 ||    59
